 Dungeon Crawl Stone Soup version 0.26.1-11-gd32895ea62 (webtiles) character file.

Game seed: 6551375898189613845

807 DildoBatman the Magician (level 8, -4/57 HPs)
             Began as a Formicid Conjurer on May 17, 2021.
             Killed by divine providence
             ... invoked by an orc priest
              (12 damage)
             ... on level 4 of the Dungeon.
             The game lasted 00:14:36 (3827 turns).

DildoBatman the Magician (Formicid Conjurer)        Turns: 3827, Time: 00:14:36

Health: -4/57      AC:  4    Str: 10      XL:     8   Next: 14%
Magic:  12/17      EV: 12    Int: 20      God:
Gold:   80         SH:  0    Dex:  8 (9)  Spells: 17/20 levels left

rFire    . . .     SeeInvis +   a - +2 mace (protect)
rCold    . . .     Faith    .   (no shield)
rNeg     . . .     Spirit   .   i - +0 robe
rPois    +         Reflect  .   (helmet unavailable)
rElec    .         Harm     .   (no cloak)
rCorr    +         Rampage  .   (no gloves)
Will     .....                  g - +0 pair of boots
Stlth    ++........             (no amulet)
HPRegen  0.19/turn              s - ring of poison resistance
MPRegen  0.15/turn              t - ring of resist corrosion

@: no status effects
A: permanent stasis, dig shafts and tunnels, four strong arms, antennae 3,
rugged brown scales 1, weak 1, MP-powered wands
a: Dig, Shaft Self


You were on level 4 of the Dungeon.
You visited 1 branch of the dungeon, and saw 4 of its levels.
You also visited: Sewer.

You collected 192 gold pieces.
You spent 112 gold pieces at shops.

Inventory:

Hand Weapons
 a - a +2 mace of protection (weapon)
 b - a +2 whip of venom
Missiles
 f - 145 stones
 h - 16 bolts
 l - 6 javelins
 o - 35 sling bullets
 p - 61 arrows
 v - 2 datura-tipped darts
Armour
 g - a +0 pair of boots (worn)
 i - a +0 robe (worn)
Jewellery
 s - a ring of poison resistance (left hand)
 t - a ring of resist corrosion (right hand)
Scrolls
 d - a scroll of immolation
 e - 2 scrolls of teleportation
 n - a scroll of random uselessness
 x - a scroll of remove curse
Potions
 c - a potion of degeneration {unknown}
 j - 3 potions of haste {unknown}
 k - a potion of might {unknown}
 m - a potion of cancellation {unknown}
 q - a potion of heal wounds {unknown}
 r - 2 potions of berserk rage {unknown}
 u - a potion of flight {unknown}
 w - a potion of attraction {unknown}


   Skills:
 - Level 2.0 Fighting
 - Level 2.0 Armour
 - Level 1.7 Dodging
 - Level 2.4 Stealth
 * Level 6.5 Spellcasting
 - Level 6.0 Conjurations


You had 17 spell levels left.
You knew the following spells:

 Your Spells              Type           Power        Failure   Level
a - Searing Ray           Conj           60%          1%          2
c - Magic Dart            Conj           100%         1%          1

Your spell library contained the following spells:

 Spells                   Type           Power        Failure   Level
 Dazzling Flash           Conj/Hex       36%          9%          3
 Fulminant Prism          Conj/Hex       9%           28%         4
 Iskenderun's Mystic Bla  Conj/Tloc      18%          28%         4


Dungeon Overview and Level Annotations

Branches:
Dungeon (4/15)              Sewer (visited)
 Temple: D:4-7

Altars:
Dithmenos
Gozag
Ru
Yredelemnul

Shops:
D:4 !*

Annotations:
D:2 Eustachio
D:3 1 exclusion, Dowan; Duvessa
D:4 1 runed translucent door, ZorkoN's ghost, amateur TrFi


Innate Abilities, Weirdness & Mutations

You cannot be hasted, slowed, berserked, paralysed or teleported.
You can dig through walls and to a lower floor.
Your four strong arms can wield two-handed weapons with a shield.
You have a pair of large antennae on your head. (SInv)
You are partially covered in rugged brown scales. (AC +1, +3% HP)
You are weak. (Str -2)
You expend magic power (3 MP) to strengthen your wands.


Message History

You kill the orc!
You sense a monster nearby.
An orc comes into view.
Casting: Magic Dart (safe; 1% risk of failure)
Confirm with . or Enter, or press ? or * to list all spells.
Aiming: Magic Dart (safe; 1% risk of failure)
Press: ? - help, Shift-Dir - straight line, f - orc
Aim: an orc (0% to evade)
The magic dart hits the orc.
The orc is heavily wounded.
Casting: Magic Dart (safe; 1% risk of failure)
Confirm with . or Enter, or press ? or * to list all spells.
Aiming: Magic Dart (safe; 1% risk of failure)
Press: ? - help, Shift-Dir - straight line, f/p - orc
Aim: an orc (heavily wounded, 0% to evade)
The magic dart hits the orc!
You kill the orc!
The orc priest invokes the aid of Beogh against you.
Beogh smites you!
You die...

### #..#### .....
.... #####.######
#..........#
#......@...# ##
#..........# ..#
#(.........# #.##
#..........# ....
# #.)........##
...e
..o...........##
...>
##.............#
....
#...........#.###
o...
##..≈≈≈≈≈...#....


You could see an orc priest.

Vanquished Creatures
  A water moccasin (Sewer)
  2 ogres
  3 hounds
  An orc wizard (D:4)
  2 orc priests
  A gnoll shaman (D:4)
  An iguana (D:4)
  A worker ant (D:3)
  9 gnolls
  6 adders
  2 river rats (D:3)
  2 oozes
  An adder skeleton (D:4)
  6 worms
  2 leopard geckos
  5 orcs
  8 giant cockroaches
  3 goblins
  5 hobgoblins
  9 jackals
  9 kobolds
  4 quokkas
  3 ball pythons (D:3)
  5 bats
  4 frilled lizards
  2 quokka skeletons (D:4)
  8 rats
105 creatures vanquished.

Vanquished Creatures (others)
  4 plants (D:4)
4 creatures vanquished.

Grand Total: 109 creatures vanquished

Notes
Turn   | Place    | Note
-------+----------+-------------------------------------------
     0 | D:1      | DildoBatman the Formicid Conjurer began the quest for the
                  | Orb.
     0 | D:1      | Reached XP level 1. HP: 13/13 MP: 3/3
   161 | D:1      | Reached XP level 2. HP: 15/19 MP: 1/5
   164 | D:1      | Learned a level 2 spell: Searing Ray
   349 | D:1      | Reached XP level 3. HP: 11/24 MP: 2/6
  1095 | D:2      | Reached XP level 4. HP: 22/30 MP: 2/7
  1177 | D:2      | Reached skill level 5 in Conjurations
  1224 | D:2      | Found a shadowy altar of Dithmenos.
  1228 | D:2      | Found an opulent altar of Gozag.
  1235 | D:2      | Found a sacrificial altar of Ru.
  1577 | D:3      | Found a glowing drain.
  1642 | D:3      | Reached XP level 5. HP: 32/35 MP: 2/8
  1736 | Sewer    | Entered a sewer
  1804 | Sewer    | Noticed a water moccasin
  1812 | Sewer    | Killed a water moccasin
  1813 | Sewer    | Reached skill level 1 in Fighting
  1813 | Sewer    | Reached skill level 1 in Armour
  1813 | Sewer    | Reached XP level 6. HP: 31/43 MP: 0/9
  2051 | D:3      | Found a basalt altar of Yredelemnul.
  2099 | D:3      | Noticed an ogre
  2122 | D:3      | Killed an ogre
  2151 | D:3      | Found a faded altar of an unknown god.
  2315 | D:3      | Reached XP level 7. HP: 41/50 MP: 4/12
  2391 | D:4      | Noticed Dowan
  2391 | D:4      | Noticed Duvessa
  2392 | D:4      | Found Luquded's General Store.
  2400 | D:4      | Found Lonleap's Distillery.
  2400 | D:4      | Noticed Eustachio
  2491 | D:4      | Found a runed translucent door.
  2494 | D:4      | Noticed ZorkoN's ghost (amateur TrFi)
  2792 | D:4      | Reached skill level 5 in Spellcasting
  3071 | D:4      | Reached XP level 8. HP: 42/56 MP: 5/17
  3805 | D:4      | Bought a potion of mutation for 112 gold pieces
  3805 | D:4      | Gained mutation: You are weak. (Str -2) [potion of
                  | mutation]
  3805 | D:4      | Gained mutation: You expend magic power (3 MP) to
                  | strengthen your wands. [potion of mutation]
  3805 | D:4      | Gained mutation: You are partially covered in rugged brown
                  | scales. (AC +1, +3% HP) [potion of mutation]
  3827 | D:4      | Killed from afar by an orc priest

Illustrated notes

Levels and vault maps discovered:
D:1:      dpeg_arrival_stonehenge_8_columns, layout_basic
D:2:      layout_basic, minmay_overflow_temple_star_quad
D:3:      layout_rooms, old_standard_altar, chequers_ecumenical_altar_simple,
          portal_sewer_entry_b
D:4:      cheibrodos_old_hovel, layout_rooms, ebering_ghost_sewer_d,
          serial_shops, kennysheep_mini_moat, shop, kennysheep_mini,
          uniq_eustachio, uniq_duvessa

Skill      XL: |  1  2  3  4  5  6  7 |
---------------+----------------------+-----
Conjurations   | 4 5 6 |  6.0
Fighting       | 1 2 |  2.0
Armour         | 1 2 |  2.0
Spellcasting   | 3 6 |  6.5
Dodging        | |  1.7
Stealth        | |  2.4

Action                   |  1- 3 |  4- 6 |  7- 9 || total
-------------------------+-------+-------+-------++-------
Melee: Club              |    11 |       |       ||    11
       Short sword       |    18 |    35 |       ||    53
       Mace              |       |    15 |    28 ||    43
 Cast: Magic Dart        |    28 |    27 |    43 ||    98
       Searing Ray       |     8 |    17 |    22 ||    47
 Abil: Dig               |     1 |     3 |    10 ||    14
  Use: Scroll            |       |     2 |     3 ||     5
       Potion            |       |       |     1 ||     1
 Stab: Sleeping          |     1 |       |       ||     1
Armor: Robe              |     6 |    19 |    31 ||    56
Dodge: Dodged            |    23 |    46 |    69 ||   138
